 Dungeon Crawl Stone Soup version 0.21-a0-59-g7b0e191 (webtiles) character file.

1715 Klosterheim the Ruffian (level 8, 0/100 HPs)
             Began as a Red Draconian Transmuter on June 16, 2017.
             Succumbed to a killer bee's poison
             ... on level 6 of the Dungeon.
             The game lasted 00:14:54 (8821 turns).

Klosterheim the Ruffian (Red Draconian Transmuter)  Turns: 8821, Time: 00:14:55

Health: 0/100      AC: 24    Str: 13    XL:     8   Next: 74%
Magic:  14/14      EV:  2    Int: 16    God:
Gold:   621        SH:  0    Dex: 11    Spells: 6/15 levels left

rFire    . . .     SeeInvis .     - Unarmed
rCold    + + .     Gourm    .   (no shield)
rNeg     + + +     Faith    .   (armour unavailable)
rPois    +         Spirit   .   (helmet currently unavailable)
rElec    +         Reflect  .   (cloak currently unavailable)
rCorr    +         Harm     .   (gloves currently unavailable)
MR       .....     NoTele   +   (boots currently unavailable)
Stlth    +.........             g - amulet of magic regeneration
HPRegen  0.26/turn              m - ring of ice
MPRegen  0.39/turn              (no ring)

@: lethally poisoned (0 -> -7), tree-form, resistant
A: (breathe fire), unfitting armour, AC +6
a: no special abilities


You were on level 6 of the Dungeon.
You were not hungry.
You were a tree.
You visited 1 branch of the dungeon, and saw 7 of its levels.
You also visited: Ossuary.

You collected 621 gold pieces.

Inventory:

Missiles
 a - 109 arrows
Armour
 s - a +0 pair of boots (melded)
Jewellery
 g - an amulet of magic regeneration (around neck)
 m - a ring of ice (left branch)
 z - a +2 amulet of reflection {unknown}
Wands
 y - a wand of flame (40/48)
Scrolls
 n - a scroll of remove curse
 v - 2 scrolls of teleportation
 x - 4 scrolls of identify
 B - a scroll of recharging
 C - 2 scrolls of amnesia
Potions
 e - a potion of flight
 f - 2 potions of degeneration
 h - a potion of brilliance
 k - 2 potions of haste
 l - 2 potions of cancellation
 p - a potion of lignification
 u - 2 potions of might
Books
 b - a book of Changes

   Spells                             Type                      Level
   a - Beastly Appendage              Transmutation                1
   b - Sticks to Snakes               Transmutation                2
   c - Spider Form                    Transmutation/Poison         3
   d - Ice Form                       Ice/Transmutation            4
   e - Blade Hands                    Transmutation                5
Comestibles
 c - 6 bread rations


   Skills:
 + Level 4.5 Fighting
 - Level 1.7 Dodging
 * Level 7.1 Unarmed Combat
 + Level 4.0 Spellcasting
 * Level 6.5 Transmutations
 - Level 2.6 Ice Magic


You had 6 spell levels left.
You knew the following spells:

 Your Spells              Type           Power        Failure   Level  Hunger
b - Spider Form           Tmut/Pois      ##........   13%         3    ###....
c - Ice Form              Ice/Tmut       ####....     26%         4    ####...
d - Sticks to Snakes      Tmut           ###.....     1%          2    ##.....


Dungeon Overview and Level Annotations

Branches:
Dungeon (7/15)
 Temple: D:4-7

Altars:
Kikubaaqudgha
Nemelex Xobeh
Okawaru
Uskayaw
Vehumet
Wu Jian

Shops:
D:6 (


Innate Abilities, Weirdness & Mutations

((You can breathe blasts of fire.))
((Your fiery red scales are hard. (AC +6)))
You cannot fit into any form of body armour.
((Your flesh is heat resistant. (rF+)))
((You are cold-blooded and may be slowed by cold attacks.))


Message History

You feel sick.
A crimson imp comes into view.
The crimson imp shouts!
Okay, then.
It was a potion of lignification.
You warm up again.
Your +0 pair of boots unmelds from your body.
You turn into a tree.
Your +0 pair of boots melds into your body.
Your roots penetrate the ground.
* * * LOW HITPOINT WARNING * * *
You feel sick.
* * * LOW HITPOINT WARNING * * *
You feel sick.
You smack the crimson imp!
You kill the crimson imp!
* * * LOW HITPOINT WARNING * * *
You feel sick.
You cannot move.
You die...

...#.......'......#......######'#
...#.......#......#......#.......
...######'##......#......#.......
...##.....##......#......#.......
..........##......#......#.......
..........##......#......#.......
...........#......'......#.......
...##.....##......#......########
...##.....##....♣.#......#
....#......#......#......#
....#......#......#......#
....'......#......#......#
###################......#
########


There were no monsters in sight!

Vanquished Creatures
  2 sky beasts (D:6)
  2 ogres (D:4)
  An elf zombie (D:5)
  3 elf skeletons (D:5)
  3 scorpions
  A howler monkey (D:4)
  3 vampire bats (D:3)
  A crimson imp (D:6)
  A centaur zombie (Ossuary)
  3 orc priests
  A hound (D:4)
  A jelly (D:6)
  3 orc wizards
  A bullfrog skeleton (D:4)
  A human skeleton (D:5)
  2 iguanas
  A worker ant (D:5)
  2 big kobold zombies (Ossuary)
  A hound skeleton (D:6)
  2 mummies (Ossuary)
  3 gnolls (D:6)
  8 adders
  2 shadow imps
  2 oozes
  3 worms
  2 dart slugs
  4 leopard geckos
  17 orcs
  A bat skeleton (D:3)
  6 bat zombies (D:3)
  6 giant cockroaches
  6 goblins
  9 hobgoblins
  7 jackals
  8 kobolds
  2 ball pythons
  5 bats
  5 frilled lizards
  4 gnoll zombies (Ossuary)
  2 goblin zombies (Ossuary)
  2 hobgoblin zombies (Ossuary)
  5 orc skeletons (D:5)
  4 orc zombies
  A quokka skeleton (D:5)
  11 rats
160 creatures vanquished.

Vanquished Creatures (collateral kills)
  3 orc wizards (D:6)
3 creatures vanquished.

Grand Total: 163 creatures vanquished

Notes
Turn   | Place    | Note
-------+----------+-------------------------------------------
     0 | D:1      | Klosterheim the Draconian Transmuter began the quest for the Orb.
     0 | D:1      | Reached XP level 1. HP: 16/16 MP: 3/3
   187 | D:1      | Reached XP level 2. HP: 19/23 MP: 5/5
   410 | D:1      | Reached XP level 3. HP: 15/29 MP: 6/6
  1039 | D:2      | Found a hide-covered altar of Uskayaw.
  1447 | D:2      | Reached skill level 4 in Unarmed Combat
  1447 | D:2      | Reached XP level 4. HP: 16/37 MP: 7/7
  1764 | D:2      | Found a sparkling altar of Nemelex Xobeh.
  1874 | D:2      | Learned a level 3 spell: Spider Form
  2243 | D:3      | Found a faded altar of an unknown god.
  2298 | D:3      | Reached XP level 5. HP: 21/42 MP: 1/8
  2948 | D:3      | Learned a level 4 spell: Ice Form
  2949 | D:3      | Found an ancient bone altar of Kikubaaqudgha.
  2969 | D:3      | Reached XP level 6. HP: 43/50 MP: 4/10
  2979 | D:3      | Reached skill level 1 in Ice Magic
  3704 | D:4      | Reached skill level 5 in Unarmed Combat
  3801 | D:4      | Found a radiant altar of Vehumet.
  3957 | D:4      | Your scales start taking on a fiery red colour.
  3957 | D:4      | Reduced skill Ice Magic to level 1
  3957 | D:4      | Reached XP level 7. HP: 34/57 MP: 11/11
  3957 | D:4      | Gained mutation: Your flesh is heat resistant. (rF+) [Red Draconian growth]
  4640 | D:5      | Entered Level 5 of the Dungeon
  4950 | D:5      | Found a sand-covered staircase.
  5023 | Ossuary  | Entered an ossuary
  5355 | Ossuary  | Reached skill level 5 in Transmutations
  5910 | D:5      | Found an ornate altar of the Wu Jian Council.
  5916 | D:5      | Reached XP level 8. HP: 59/66 MP: 13/13
  5960 | D:5      | Found an iron altar of Okawaru.
  6334 | D:5      | Reached skill level 6 in Unarmed Combat
  6738 | D:5      | Learned a level 2 spell: Sticks to Snakes
  7467 | D:6      | Found Hawaq's Antique Weapon Shoppe.
  8369 | D:6      | Reached skill level 7 in Unarmed Combat
  8398 | D:7      | HP: 4/80 [iguana (14)]
  8817 | D:6      | HP: 4/80 [poisoned by a killer bee]
  8820 | D:6      | HP: 1/100 [poisoned by a killer bee]
  8821 | D:6      | Succumbed to a killer bee's poison

Vault maps used:
D:1:      minmay_arrival_arboretum_small
D:2:      cheibrodos_pilgrimage, overflow_temple_1_default,
          nemelex_spade_bored_becter
D:3:      kennysheep_vampire_church, chequers_ecumenical_altar_island
D:4:      vehumet_altar_wand_db
D:5:      nicolae_overflow_hidden_temple, kennysheep_little_box, first_bread,
          nicolae_ossuary_entry_catacombs
D:6:      serial_shops, nicolae_shop_stone
D:7:      minmay_temple_entry_poolview, uniq_crazy_yiuf_cottage
Ossuary:  minmay_ossuary_gauntlet

Skill      XL: |  1  2  3  4  5  6  7  8 |
---------------+-------------------------+-----
Fighting       | 2 3 4 |  4.5
Unarmed Combat | 4 5 7 |  7.1
Transmutations | 3 4 5 6 |  6.5
Ice Magic      | 1 2 |  2.6
Spellcasting   | 3 4 |  4.0
Dodging        | |  1.7

Action                   |  1- 3 |  4- 6 |  7- 9 || total
-------------------------+-------+-------+-------++-------
Melee: Unarmed           |   144 |   182 |   360 ||   686
       Tailslap          |    14 |    12 |    24 ||    50
       Punch             |     3 |     1 |     7 ||    11
       Headbutt          |     3 |     4 |     2 ||     9
       Kick              |     1 |       |       ||     1
 Cast: Beastly Appendage |     6 |     9 |     3 ||    18
       Spider Form       |       |    12 |     9 ||    21
       Sticks to Snakes  |       |       |     5 ||     5
       Ice Form          |       |       |     3 ||     3
 Abil: Breathe Fire      |       |       |     5 ||     5
  Use: Potion            |       |     4 |     6 ||    10
       Scroll            |       |     3 |    11 ||    14
 Stab: Sleeping          |     1 |       |       ||     1
  Eat: Bread ration      |     1 |       |     1 ||     2
       Chunk             |       |     6 |    10 ||    16
       Fruit             |       |       |     4 ||     4
       Royal jelly       |       |       |     1 ||     1
Armor: Skin              |    36 |    74 |    95 ||   205
Dodge: Dodged            |    98 |   153 |   230 ||   481
